Unix NetHack Version 5.0.0-0 post-release - last build May 31 2026 23:59:36 (970b52f25bf058293b47ddfd14a1e40e571c508c,branch:main).

Game began 2026-06-03 18:26:36, ended 2026-06-03 18:50:13.

BeardyHaddock, neutral male gnomish Archeologist

  -----#####
 --..-#.######
 |...........##    #*           ---
 --...........#   -[#-         --.--
  --.#.#..*.).##- -..------    |....|
   ---###.......##......G.|    |....--
        #--.--.......----.--   ----#.--
        #...#|.......-  |...--     |..--
        |.#-#---......| |....-     #...|
     ----.##   |.....-  --....-   -....|
   ---..*.|              |.....---.....--
  --...<--|             --..(...........--
  |.......|             |................#
  |.---..^---           |.|......%.....---
  -----.....--          -----.........--------
  --.|.......|              --.....@f...##.i*.
 --.......*..|               |..#-...--....d.%
 |.........).--              ----|..------.---
 |..|.........|                  --#-    ---
 ------.--.----
      --- -
BeardyHaddock the Field Worker  St:11 Dx:14 Co:13 In:16 Wi:14 Ch:9  Neutral
Dlvl:4  $:10 HP:0(22) Pw:2(13) AC:9  Xp:3 T:1803  Satiated

Latest messages:
 You kill the newt!
 The blast of frost hits you!
 The blast of frost hits the large dog.
 The blast of frost hits you!
 The blast of frost hits the large dog!
 In what direction? .
 You feel better.
 The blast of frost hits you!
 The blast of frost bounces!
 The blast of frost hits you!
 You swap places with your large dog.
 In what direction? .
 You feel better.
 You hear some noises.
 You miss the winter wolf cub.
 The winter wolf cub bites!
 You hit the winter wolf cub!
 The winter wolf cub bites!
 You hit the winter wolf cub!
 The winter wolf cub bites!
 You don't have enough energy to cast that spell.
 Are you waiting to get hit?  Use 'm' prefix to force a no-op (to rest).
 You miss the winter wolf cub.
 The winter wolf cub bites!
 You don't have enough energy to cast that spell.
 Are you sure you want to pray? [yn] (n) y
 You begin praying to Camaxtli.
 You are surrounded by a shimmering light.
 The winter wolf cub starts to attack you, but pulls back.
 It misses the winter wolf cub.
 The winter wolf cub starts to attack you, but pulls back.
 It bites the winter wolf cub.
 The winter wolf cub is killed!
 You finish your prayer.
 You feel that Camaxtli is well-pleased.
 You feel in good health again.
 In what direction? .
 You feel better.
 The large cat bites!
 You miss the large cat.
 The large cat bites!
 You hit the large cat!
 You hear some noises in the distance.
 The large cat bites!
 You miss the large cat.
 The large cat bites!
 The large cat bites!
 You die...
 Do you want your possessions identified? [ynq] (y) y
 Do you want to see your attributes? [ynq] (y) q

Inventory:
 Coins    ('$')
  $ - 10 gold pieces
 Weapons  (')')
  a - a +2 bullwhip (alternate weapon; not wielded)
  I - a +0 dwarvish mattock (weapon in hands)
 Armor    ('[')
  c - an uncursed +0 fedora (being worn)
  z - an uncursed +0 pair of iron shoes
  L - an uncursed +0 pair of low boots
  b - an uncursed +0 leather jacket (being worn)
 Comestibles  ('%')
  d - 4 uncursed food rations
 Scrolls  ('?')
  r - a blessed scroll of create monster
  D - an uncursed scroll of magic mapping
  m - a cursed scroll of taming
 Spellbooks  ('+')
  G - an uncursed spellbook of cure sickness
  q - an uncursed spellbook of finger of death
 Tools    ('(')
  h - an empty uncursed sack
  x - an uncursed lock pick
  f - a tinning kit (0:51)
 Gems/Stones  ('*')
  A - an uncursed opal
  w - an uncursed sapphire
  y - an uncursed luckstone
  g - an uncursed touchstone

BeardyHaddock the Archeologist's attributes:

Background:
 You were a Field Worker, a level 3 male gnomish Archeologist.
 You were neutral, on a mission for Camaxtli
 who was opposed by Quetzalcoatl (lawful) and Huhetotl (chaotic).
 You were right-handed.
 You were in the Gnomish Mines, on level 4.
 You entered the dungeon 1803 turns ago.
 You had 54 experience points, 26 more were needed to attain level 4.

Basics:
 You had 0 out of 22 hit points.
 You had 2 out of 13 energy points (spell power).
 Your armor class was 9.
 Your wallet contained 10 zorkmids.
 Autopickup was off.

Final Characteristics:
 Your strength was 11 (limit:18/50).
 Your dexterity was 14 (limit:18).
 Your constitution was 13 (limit:18).
 Your intelligence was 16 (limit:19).
 Your wisdom was 14 (limit:18).
 Your charisma was 9 (limit:18).

Final Status:
 You were satiated.
 You were unencumbered.
 You were wielding a mattock.
 You had basic skill with pick-axe.

Final Attributes:
 You were devoutly aligned.
 You had automatic searching.
 You had infravision.
 You were lucky.
 You had extra luck.
 Bad luck did not time out for you.
 Good luck did not time out for you.
 You are dead.

Miscellaneous:
 You encountered 1 bones level.
 Total elapsed playing time was 23 minutes and 34 seconds.

Major events:
 Turn
    1: BeardyHaddock the neutral male gnomish Archeologist entered the dungeon
  867: entered the Gnomish Mines
 1395: attained the rank of Field Worker (level 3)
 1803: killed by a large cat

Spells:
 Name                 Level Category     Fail Retention
 healing                1   healing        0%  76%-100%
 cure sickness          3   healing      100%  76%-100%

Skills:
 Fighting Skills
   bare handed combat [Unskilled]
   two weapon combat  [Unskilled]
   riding             [Unskilled]
 Weapon Skills
   dagger             [Unskilled]
   knife              [Unskilled]
   pick-axe           [Basic]
   short sword        [Unskilled]
   saber              [Unskilled]
   club               [Unskilled]
   quarterstaff       [Unskilled]
   sling              [Unskilled]
   dart               [Unskilled]
   boomerang          [Unskilled]
   whip               [Basic]
   unicorn horn       [Unskilled]
 Spellcasting Skills
   attack spells      [Unskilled]
   healing spells     [Unskilled]
   divination spells  [Unskilled]
   matter spells      [Unskilled]

Voluntary challenges:
 Character rerolling was not enabled.
 You never genocided any monsters.
 You never polymorphed an object.
 You never changed form.
 You used no wishes.
Achievements:
 You entered a shop.
 You entered the Gnomish Mines.
 You attained the rank of Field Worker.

 The Dungeons of Doom: levels 1 to 2
    Level 1:
       A fountain.
    Level 2:
       A general store, a fountain.
       Stairs down to The Gnomish Mines.
 The Gnomish Mines: levels 3 to 4
    Level 3:
    Level 4: <- You were here.
       Final resting place for
          you, killed by a large cat,
          skunkz-Arc-Dwa-Mal-Law, killed by a winter wolf cub.


Vanquished creatures:
  a winter wolf cub
  2 rock piercers
  a shrieker
  a gnome leader
  a gnomish wizard
  a floating eye
  4 dwarves
  a homunculus
 an iguana
  2 acid blobs
  a hobgoblin
  5 giant rats
  a cave spider
  2 gnomes
  a gnome zombie
  3 geckos
  5 jackals
  a sewer rat
  5 grid bugs
  2 lichens
  4 kobold zombies
  4 newts
49 creatures vanquished.

No species were genocided or became extinct.

Game over:
                       ----------
                      /          \
                     /    REST    \
                    /      IN      \
                   /     PEACE      \
                  /                  \
                  |  BeardyHaddock   |
                  |      10 Au       |
                  |   killed by a    |
                  |    large cat     |
                  |                  |
                  |                  |
                  |       2026       |
                 *|     *  *  *      | *
        _________)/\\_//(\/(/\)/\//\/|_)_______

Goodbye BeardyHaddock the Archeologist...

You died in The Gnomish Mines on dungeon level 4 with 405 points,
and 10 pieces of gold, after 1803 moves.
You were level 3 with a maximum of 22 hit points when you died.

